 Dungeon Crawl Stone Soup version 0.31-a0-196-g86fe4a5e66 (webtiles) character file.

Game seed: 4058231896691091230

841 qw the Skirmisher (level 7, 0/40 HPs)
             Began as a Deep Elf Hunter on June 24, 2023.
             Was an Initiate of Okawaru.
             Slain by a killer bee (1 damage)
             ... on level 5 of the Dungeon.
             The game lasted 00:01:50 (4258 turns).

qw the Skirmisher (Deep Elf Hunter)                 Turns: 4258, Time: 00:01:50

Health: 0/40       AC:  9    Str: 16    XL:     7   Next: 67%
Magic:  9/9        EV: 13    Int: 14    God:    Okawaru [......]
Gold:   192        SH:  0    Dex: 18    Spells: 6/6 levels left

rFire   . . .        Y - +0 shortbow
rCold   . . .        (shield currently unavailable)
rNeg    + . .        h - +3 leather armour
rPois   .            (no helmet)
rElec   .            m - +1 cloak
rCorr   .            n - +0 pair of gloves
SInv    .            (no boots)
Will    .....        (no amulet)
Stlth   ++           d - ring of positive energy
HPRegen 0.26/turn    g - +6 ring of strength
MPRegen 0.11/turn

%: no passive effects
@: lethally poisoned (0 -> -3), about to teleport
A: no striking features
a: Renounce Religion


You were on level 5 of the Dungeon.
You worshipped Okawaru.
Okawaru was noncommittal.
You visited 2 branches of the dungeon, and saw 7 of its levels.

You collected 248 gold pieces.
You spent 56 gold pieces at shops.


   Skills:
 - Level 2.9 Fighting
 + Level 11.2 Ranged Weapons
 - Level 4.2 Dodging
 - Level 1.2 Stealth


You had 6 spell levels left.
You didn't know any spells.
Your spell library was empty.

Inventory:

Hand Weapons
 Y - a +0 shortbow (weapon)
Armour
 h - a +3 leather armour (worn)
 m - a +1 cloak (worn)
 n - a +0 pair of gloves (worn)
Jewellery
 d - a ring of positive energy (left hand)
 g - a +6 ring of strength (right hand)
Scrolls
 a - a scroll of teleportation
 b - a scroll of identify
Potions
 c - a potion of haste
 e - a potion of resistance
 f - a potion of curing
 i - a potion of might
 k - a potion of mutation
 l - a potion of lignification {unknown}

Dungeon Overview and Level Annotations

Branches:
Dungeon (6/15)             Temple (1/1) D:5

Altars:
Dithmenos
Elyvilon
Fedhas
Hepliaklqana
Nemelex Xobeh
Okawaru
Qazlal
Ru
Trog
Uskayaw
Wu Jian
Xom
Yredelemnul
Zin
The Shining One

Shops:
D:4 *


Message History

There is a stone staircase leading down here.
You shoot an arrow.
The arrow hits the killer bee but does no damage.
You feel sick. The killer bee closely misses you. The killer bee misses you.
The killer bee completely misses you.
The killer bee stings you but does no damage.
You shoot an arrow.
The arrow closely misses the killer bee.
You feel sick. The killer bee stings you!
The killer bee stings you but does no damage.
The killer bee stings you.
The killer bee stings you but does no damage.
You shoot an arrow.
The arrow closely misses the killer bee.
You feel sick. The killer bee closely misses you.
The killer bee completely misses you.
You shoot an arrow. The arrow hits the killer bee.
The killer bee is moderately wounded.
You feel sick. The killer bee stings you. The killer bee barely misses you.
The killer bee misses you. The killer bee barely misses you.
You shoot an arrow. The arrow misses the killer bee.
You feel sick.
You are no longer poisoned.
The killer bee stings you but does no damage. x4
You shoot an arrow.
The arrow closely misses the killer bee.
The killer bee closely misses you. The killer bee barely misses you.
The killer bee stings you but does no damage. x2
You shoot an arrow.
The arrow closely misses the killer bee.
The killer bee completely misses you. The killer bee stings you.
You are poisoned.
The killer bee poisons you! The killer bee stings you!
The killer bee stings you but does no damage.
4258 ||| READING 2 scrolls of teleportation.
As you read the scroll of teleportation, it crumbles to dust.
You feel strangely unstable.
You feel sick. The killer bee barely misses you. The killer bee misses you.
The killer bee barely misses you. The killer bee stings you.
You die...

#......# #~#~~~~~~#
#...##.##########~#
##.###...~~~~~~~~%# #.#
####[~#~#~##### #.# #.~.~~~~~..#
########.## #.....~....#
#.......#.# #..........#
###...####.#### ##..#...####
#.......#####@## ##...### ###
#............yy######.######..
####.......##..........#........#
.................#####.##########
.........####..#.# #>....########
##...##.#####..#.###.#.#.##......
#...##.##.......................
##......##.##..#.###.#.#.##.####.
#.###.####.##..#.# #.....##.# #.


You could see 2 killer bees.

Vanquished Creatures
  A water moccasin (D:5)
  An ogre (D:5)
  A phantom (D:4)
  2 scorpions
  A howler monkey (D:4)
  2 jellies (D:5)
  3 iguanas (D:5)
  An orc wizard (D:5)
  3 gnolls (D:2)
  A river rat (D:5)
  8 adders
  A shadow imp (D:5)
  2 ufetubi (D:4)
  5 worms (D:5)
  6 dart slugs
  14 orcs
  3 ball pythons (D:1)
  3 endoplasms
  5 giant cockroaches
  4 goblins
  8 hobgoblins
  13 jackals
  7 kobolds
  3 quokkas
  2 bats (D:2)
  3 frilled lizards
  7 rats
110 creatures vanquished.

Notes
Turn   | Place    | Note
-------+----------+-------------------------------------------
     0 | D:1      | qw the Deep Elf Hunter began the quest for the Orb.
     0 | D:1      | Reached XP level 1. HP: 12/12 MP: 3/3
     0 | D:1      | 0 ||| qw: Version: 0.3-a-9-g12657ce
     0 | D:1      | 0 ||| qw: Game counter: 4801
     0 | D:1      | 0 ||| qw: Always use a shield: true
     0 | D:1      | 0 ||| qw: God list: Okawaru
     0 | D:1      | 0 ||| qw: Allow faded altars: false
     0 | D:1      | 0 ||| qw: Do Orc after D:15 true
     0 | D:1      | 0 ||| qw: Do second Lair branch before Depths: true
     0 | D:1      | 0 ||| qw: Lair rune preference: random
     0 | D:1      | 0 ||| qw: Plans: Normal
     0 | D:1      | 0 ||| PLANNING D:1-11
    92 | D:1      | Reached XP level 2. HP: 16/16 MP: 4/4
    94 | D:1      | Reached skill level 6 in Ranged Weapons
   289 | D:1      | Reached XP level 3. HP: 20/20 MP: 5/5
   337 | D:1      | Found a faded altar of an unknown god.
   390 | D:1      | 390 ||| FLEEEEING.
   635 | D:1      | 635 ||| UPGRADING to +0 scale mail.
   645 | D:1      | 645 ||| DROPPING +0 leather armour.
   646 | D:1      | 646 ||| READING scroll labelled YMUAZX VISMOM.
   650 | D:1      | 650 ||| DROPPING scroll of butterflies.
   734 | D:2      | Found a bloodstained altar of Trog.
   753 | D:2      | Reached skill level 7 in Ranged Weapons
   843 | D:2      | Reached XP level 4. HP: 21/25 MP: 6/6
  1314 | D:2      | Reached skill level 8 in Ranged Weapons
  1443 | D:2      | 1443 ||| READING 3 scrolls labelled LUETHISSE HAX HES.
  1444 | D:2      | 1444 ||| READING scroll labelled YMURCHAJECK.
  1445 | D:2      | 1445 ||| READING 2 scrolls of identify.
  1445 | D:2      | 1445 ||| IDENTIFYING bubbling clear potion
  1447 | D:2      | 1447 ||| Stepping ~*~*~tactically~*~*~ (cloud).
  1974 | D:3      | 1974 ||| UPGRADING to +3 leather armour.
  1984 | D:3      | 1984 ||| DROPPING +0 scale mail.
  1985 | D:3      | 1985 ||| READING 2 scrolls labelled WOYHIMABRE.
  1986 | D:3      | 1986 ||| READING scroll labelled ABINTY HOAZE.
  1987 | D:3      | 1987 ||| READING scroll labelled UTIK ACATRUERE.
  1988 | D:3      | 1988 ||| READING 2 scrolls of identify.
  1988 | D:3      | 1988 ||| IDENTIFYING smoky orange potion
  1989 | D:3      | 1989 ||| DROPPING potion of attraction.
  1990 | D:3      | 1990 ||| DROPPING scroll of revelation.
  2080 | D:4      | Reached XP level 5. HP: 27/29 MP: 7/7
  2122 | D:4      | Reached skill level 9 in Ranged Weapons
  2134 | D:4      | 2134 ||| FLEEEEING.
  2135 | D:4      | 2135 ||| FLEEEEING.
  2136 | D:4      | 2136 ||| FLEEEEING.
  2137 | D:4      | 2137 ||| FLEEEEING.
  2138 | D:4      | 2138 ||| FLEEEEING.
  2139 | D:4      | 2139 ||| FLEEEEING.
  2140 | D:4      | 2140 ||| FLEEEEING.
  2141 | D:4      | 2141 ||| FLEEEEING.
  2142 | D:4      | 2142 ||| FLEEEEING.
  2143 | D:4      | 2143 ||| FLEEEEING.
  2144 | D:4      | 2144 ||| FLEEEEING.
  2145 | D:4      | 2145 ||| FLEEEEING.
  2146 | D:4      | 2146 ||| FLEEEEING.
  2253 | D:4      | Found Heir's General Store.
  2258 | D:4      | 2258 ||| BUYING scroll of identify (28 gold).
  2258 | D:4      | Bought a scroll of identify for 28 gold pieces
  2258 | D:4      | 2258 ||| BUYING scroll of identify (28 gold).
  2258 | D:4      | Bought a scroll of identify for 28 gold pieces
  2326 | D:4      | Reached XP level 6. HP: 30/34 MP: 8/8
  2424 | D:4      | Reached skill level 3 in Dodging
  2873 | D:4      | 2873 ||| UPGRADING to +1 cloak.
  2878 | D:4      | 2878 ||| UPGRADING to +0 pair of gloves.
  2883 | D:4      | 2883 ||| READING scroll labelled ZOACVO WINOG.
  2884 | D:4      | 2884 ||| READING scroll labelled NUJYTE HEKAQEI.
  2885 | D:4      | 2885 ||| READING scroll labelled VIWYCZ BIOREDEI.
  2986 | D:4      | 2986 ||| DRINKING 2 orange potions.
  2987 | D:4      | 2987 ||| READING 3 scrolls of identify.
  2987 | D:4      | 2987 ||| IDENTIFYING smoky silvery potion
  2988 | D:4      | 2988 ||| READING 2 scrolls of identify.
  2988 | D:4      | 2988 ||| IDENTIFYING inky potion
  2989 | D:4      | 2989 ||| DROPPING potion of degeneration.
  3010 | D:5      | Entered Level 5 of the Dungeon
  3011 | D:5      | 3011 ||| PLANNING SEWER
  3031 | D:5      | Noticed a water moccasin
  3042 | D:5      | Killed a water moccasin
  3176 | D:5      | 3176 ||| Stepping ~*~*~tactically~*~*~ (water).
  3178 | D:5      | 3178 ||| Stepping ~*~*~tactically~*~*~ (water).
  3191 | D:5      | 3191 ||| Stepping ~*~*~tactically~*~*~ (water).
  3277 | D:5      | Reached XP level 7. HP: 40/40 MP: 9/9
  3293 | D:5      | Reached skill level 10 in Ranged Weapons
  3427 | D:5      | Found a hide-covered altar of Uskayaw.
  3451 | D:5      | Found a staircase to the Ecumenical Temple.
  3707 | D:5      | 3707 ||| RIP SEWER
  3763 | D:5      | 3763 ||| PLANNING TEMPLE
  3763 | D:5      | 3763 ||| UPGRADING to ring of positive energy.
  3764 | D:5      | 3764 ||| UPGRADING to +6 ring of strength.
  3765 | D:5      | 3765 ||| READING 4 scrolls of identify.
  3765 | D:5      | 3765 ||| IDENTIFYING murky golden potion
  3766 | D:5      | 3766 ||| READING 3 scrolls of identify.
  3766 | D:5      | 3766 ||| IDENTIFYING puce potion
  3767 | D:5      | 3767 ||| READING 2 scrolls of identify.
  3767 | D:5      | 3767 ||| IDENTIFYING lumpy cyan potion
  3768 | D:5      | 3768 ||| DROPPING potion of brilliance.
  3808 | Temple   | Entered the Ecumenical Temple
  3809 | Temple   | 3809 ||| PLANNING OKAWARU WORSHIP
  3956 | Temple   | Became a worshipper of Warmaster Okawaru
  3957 | Temple   | 3957 ||| PLANNING D:1-11
  4064 | D:5      | Reached skill level 11 in Ranged Weapons
  4249 | D:6      | 4249 ||| STAIRDANCE
  4257 | D:5      | HP: 10/40 [killer bee (5)]
  4257 | D:5      | HP: 3/40 [killer bee (7)]
  4258 | D:5      | 4258 ||| READING 2 scrolls of teleportation.
  4258 | D:5      | HP: 1/40 [poisoned by a killer bee]
  4258 | D:5      | Slain by a killer bee

Levels and vault maps discovered:
D:1:      kilobyte_arrival_exit_the_forest, layout_basic,
          basic_ecumenical_altar, interstate_on_off, minmay_unequal
D:2:      layout_loops_ring, basic_altar
D:3:      layout_rooms, chequers_serial_rivers_micro_c, grunt_decor_resistance,
          corexii_item_surrounded_by_moat
D:4:      layout_loops_ring, serial_shops, shop
D:5:      layout_loops_ring, nicolae_uskayaw_suspiria,
          minmay_temple_entry_junction_2, lightli_sewer_entry_pipes
D:6:      layout_loops_ring, lemuel_zombie_altar_kikubaaqudgha
Temple:   nicolae_temple_bog_church

Skill      XL: |  1  2  3  4  5  6  7 |
---------------+----------------------+-----
Ranged Weapons | 6 7 8 9 11 | 11.2
Dodging        | 3 4 |  4.2
Fighting       | 2 |  2.9
Stealth        | |  1.2

Action                     |  1- 3 |  4- 6 |  7- 9 || total
---------------------------+-------+-------+-------++-------
   Fire: Shortbow          |    97 |   235 |    93 ||   425
    Use: Scroll            |     1 |    12 |     4 ||    17
         Potion            |       |     1 |       ||     1
 Armour: Leather armour    |     6 |    18 |    16 ||    40
         Scale mail        |     8 |    25 |       ||    33
  Dodge: Dodged            |    27 |    49 |    41 ||   117

Table legend:
 A = Non-vault XP
 B = Vault XP
 C = Vault XP percentage of total XP
 D = Non-vault monster count
 E = Vault monster count
 F = Vault count percentage of total count
                 A         B        C        D         E       F
            +---------+---------+-------+---------+---------+-------
      Total |    1128 |      74 |   6.2 |      96 |      14 |  12.7
            +---------+---------+-------+---------+---------+-------
        D:1 |      41 |       8 |  16.3 |      20 |       5 |  20.0
        D:2 |     103 |       0 |   0.0 |      29 |       0 |   0.0
        D:3 |      28 |       0 |   0.0 |       8 |       0 |   0.0
        D:4 |     345 |       0 |   0.0 |      23 |       0 |   0.0
        D:5 |     611 |      66 |   9.7 |      16 |       9 |  36.0
            +---------+---------+-------+---------+---------+-------
